 Dungeon Crawl Stone Soup version 0.19-b1-5-gdc9fa9d (webtiles) character file.

48 Helmschank the Shield-Bearer (level 4, 0/45 HPs)
             Began as a Halfling Fighter on Oct 31, 2016.
             Succumbed to Ijyb's poison
             ... on level 2 of the Dungeon.
             The game lasted 00:07:18 (1505 turns).

Helmschank the Shield-Bearer (Halfling Fighter)     Turns: 1505, Time: 00:07:18

Health: 0/45       AC: 22    Str: 18    XL:     4   Next: 0%
Magic:  4/4        EV:  3    Int:  6    God:
Gold:   43         SH: 10    Dex: 18    Spells: 0 memorised, 3 levels left

rFire  . . .     SeeInvis .     a - +0 rapier
rCold  . . .     Gourm    .     (armour currently unavailable)
rNeg   + + +     Faith    .     c - +0 shield
rPois  +         Spirit   .     (helmet currently unavailable)
rElec  .         Reflect  .     (cloak currently unavailable)
rCorr  .         Harm     .     (gloves currently unavailable)
MR     .....     NoTele   +     (boots currently unavailable)
Stlth  +++.......               (no amulet)
                                (no ring)
                                (no ring)

@: agile, lethally poisoned (0 -> -7), tree-form
A: mutation resistance 1
a: no special abilities


You were on level 2 of the Dungeon.
You were not hungry.
You were a tree.
You visited 1 branch of the dungeon, and saw 2 of its levels.

You collected 43 gold pieces.

Inventory:

Hand Weapons
 a - a +0 rapier (weapon)
 b - a +0 hunting sling
Missiles
 g - 74 stones (quivered)
Armour
 c - a +0 shield (worn)
 i - a +0 scale mail (melded)
Jewellery
 k - an uncursed ring of stealth {unknown}
Scrolls
 h - a scroll of identify {unknown}
 j - 4 scrolls of fear {unknown}
 l - a scroll of amnesia {unknown}
 m - a scroll of enchant weapon {unknown}
 o - a scroll of immolation {unknown}
Potions
 d - 2 potions of might
 n - 2 potions of flight
 p - a potion of haste
 s - a potion of lignification
Comestibles
 f - 3 bread rations
 t - a beef jerky


   Skills:
 - Level 2.6 Fighting
 * Level 3.9 Short Blades
 - Level 3.2 Armour
 + Level 4.1 Shields


You had 3 spell levels left.
You didn't know any spells.

Dungeon Overview and Level Annotations

Branches:
Dungeon (2/15)

Altars:

Annotations:
D:2 Ijyb


Innate Abilities, Weirdness & Mutations

You are small and have problems with some larger weapons.
You are somewhat resistant to further mutation.


Message History

You feel sick. Ijyb hits you but does no damage.
You barely miss Ijyb.
Ijyb is heavily wounded.
* * * LOW HITPOINT WARNING * * *
You feel sick. Ijyb hits you but does no damage.
You hit Ijyb.
Ijyb is heavily wounded.
* * * LOW HITPOINT WARNING * * *
You feel sick. Ijyb hits you but does no damage.
You hit Ijyb but do no damage.
Ijyb is heavily wounded.
* * * LOW HITPOINT WARNING * * *
You feel sick. Ijyb hits you but does no damage.
You hit Ijyb but do no damage.
Ijyb is heavily wounded.
* * * LOW HITPOINT WARNING * * *
You feel sick. You block Ijyb's attack.
You hit Ijyb but do no damage.
Ijyb is heavily wounded.
You die...

##### ####<#.# #.g♣...#
#.##.#.# #.#..#.#
#.#.##.#############
##########.#....#............
#..........###..#............
##.######### #...............
#.# #..#............ #.#
####..#.....#######


You could see Ijyb.

Vanquished Creatures
  An adder (D:2)
  A worm (D:2)
  3 dart slugs (D:1)
  2 leopard geckos (D:1)
  2 bats (D:1)
  3 giant cockroaches
  4 goblins (D:1)
  5 hobgoblins
  A kobold (D:1)
  4 rats (D:1)
26 creatures vanquished.

Notes
Turn   | Place    | Note
-------+----------+-------------------------------------------
     0 | D:1      | Helmschank the Halfling Fighter began the quest for the Orb.
     0 | D:1      | Reached XP level 1. HP: 15/15 MP: 1/1
   115 | D:1      | Reached XP level 2. HP: 20/20 MP: 2/2
   666 | D:1      | Reached XP level 3. HP: 13/25 MP: 3/3
  1023 | D:1      | Reached skill level 4 in Shields
  1378 | D:2      | Reached XP level 4. HP: 22/30 MP: 4/4
  1451 | D:2      | Noticed Ijyb
  1503 | D:2      | HP: 2/45 [poisoned by Ijyb]
  1505 | D:2      | Succumbed to Ijyb's poison

Skill      XL: |  1  2  3 |
---------------+----------+-----
Short Blades   | 3 |  3.9
Shields        | 4 |  4.1
Fighting       | |  2.6
Armour         | |  3.2

Action                   |  1- 3 |  4- 6 || total
-------------------------+-------+-------++-------
Melee: Rapier            |   103 |    21 ||   124
Throw: Stone             |    47 |       ||    47
  Use: Potion            |       |     4 ||     4
  Eat: Chunk             |     2 |       ||     2
Armor: Scale mail        |    19 |     3 ||    22
       Skin              |       |     6 ||     6
Dodge: Dodged            |    25 |     5 ||    30
Block: Shield            |    39 |    10 ||    49
